Map: King Sejong Station LE

Players

MacZero

  • Race: Terran Terran
  • League: Platinum

blackxored - Winner!

  • Race: Zerg Zerg
  • League: Diamond

VOD

Have the link to the VOD?

Description

Time

  • Played on: July 3, 2016, 9:26 a.m.
  • Length: 25:59
Show
View Real Time Build Order
Export as new Build Order

MacZero Terran 

Build Orders:  

Get SALT Encoding   

  12  0:04  SCV  
  13  0:16  SCV  
  14  0:23  Supply Depot  
  14  0:28  SCV  
  15  0:31  Refinery  
  15  0:45  SCV  
  15  0:47  Barracks  
  16  1:00  Barracks  
  16  1:09  Refinery, SCV  
  17  1:21  SCV  
  18  1:39  Orbital Command  
  18  1:41  Barracks Reactor  
  18  1:47  Barracks Reactor  
  18  1:54  Supply Depot  
  18  2:05  SCV  
  19  2:22  Reaper x2  
  21  2:27  Reaper x2  
  21  2:28  SCV  
  24  2:40  Supply Depot  
  24  2:42  SCV  
  25  2:54  Reaper x2  
  27  2:59  Reaper  
  27  3:00  Reaper  
  27  3:02  SCV  
  30  3:14  SCV  
  30  3:15  Supply Depot  
  31  3:26  Reaper x2  
  33  3:43  Reaper x2  
  35  3:58  Reaper x2  
  37  4:11  Command Center  
  37  4:12  SCV  
  37  4:15  Reaper x2  
  40  4:18  Engineering Bay  
  40  4:30  Reaper  
  40  4:44  Reaper  
  41  4:47  Reaper  
  36  5:03  SCV  
  37  5:10  Command Center  
  37  5:11  Reaper x2  
  39  5:15  Factory, SCV  
  40  5:32  Refinery  
  40  5:34  Refinery, Planetary Fortress  
  39  6:03  SCV  
  40  6:06  Factory Tech Lab  
  40  6:12  Starport  
  40  6:14  SCV  
  40  6:15  Starport  
  40  6:16  SCV  
  42  6:27  SCV  
  42  6:30  Orbital Command  
  42  6:31  Siege Tank  
  46  6:39  Armory  
  46  6:42  Supply Depot  
  46  6:49  SCV x2  
  48  6:57  Missile Turret  
  48  6:59  Supply Depot  
  48  7:03  Starport Tech Lab x2  
  51  7:08  Siege Tank  
  51  7:15  SCV  
  52  7:20  Supply Depot  
  52  7:23  Armory  
  52  7:28  Barracks Tech Lab  
  50  8:03  SCV x2  
  52  8:07  Banshee  
  52  8:08  Banshee  
  58  8:16  Terran Ship Weapons Level 1  
  58  8:17  Starport  
  58  8:18  Terran Vehicle And Ship Armor Level 1  
  58  8:26  Fusion Core  
  58  8:46  Liberator  
  58  8:51  Supply Depot  
  58  8:52  Supply Depot  
  58  8:59  Command Center, Banshee x2  
  67  9:11  Siege Tank  
  67  9:13  SCV x2  
  72  9:27  Missile Turret  
  61  10:00  SCV  
  61  10:01  SCV x2  
  64  10:15  SCV  
  65  10:23  Battlecruiser x2  
  65  10:27  Hyperflight Rotors  
  65  10:28  Advanced Ballistics  
  77  10:43  Refinery  
  77  10:46  Refinery  
  77  10:52  Sensor Tower, SCV x2  
  79  10:59  Viking  
  79  11:00  Viking  
  83  11:13  Command Center  
  83  11:25  Planetary Fortress  
  83  11:28  SCV x3  
  86  11:40  SCV  
  87  11:54  SCV  
  87  11:55  SCV  
  87  11:58  Battlecruiser x2  
  87  11:59  Missile Turret  
  87  12:00  Missile Turret  
  87  12:01  Viking, Missile Turret  
  103  12:19  SCV  
  104  12:48  Viking x2, Refinery  
  104  12:51  Thor  
  114  12:54  Missile Turret  
  114  12:57  Missile Turret  
  114  12:59  Refinery  
  114  13:11  SCV x2  
  116  13:13  Supply Depot  
  116  13:14  Supply Depot  
  116  13:15  Missile Turret  
  116  13:16  Supply Depot  
  116  13:25  Liberator x2  
  116  13:40  Terran Ship Weapons Level 2, Missile Turret  
  116  13:41  Missile Turret x2  
  112  13:42  Battlecruiser x2  
  130  13:53  Planetary Fortress  
  130  14:01  Sensor Tower  
  130  14:02  Missile Turret  
  130  14:05  Hi-Sec Auto Tracking  
  128  14:44  Command Center  
  128  14:46  Raven  
  128  14:50  SCV  
  128  14:51  SCV x2  
  133  14:59  Raven  
  135  15:01  Viking x2  
  75  16:04  Viking, Battlecruiser x2  
  81  16:05  Viking  
  81  16:10  Planetary Fortress  
  85  16:34  Viking, Missile Turret  
  85  16:39  Missile Turret  
  87  16:41  Missile Turret  
  87  16:42  Viking  
  89  16:49  SCV x2  
  89  16:52  SCV x2  
  93  17:04  Viking  
  93  17:08  Battlecruiser  
  101  17:19  Thor  
  101  17:21  Terran Ship Weapons Level 3  
  107  17:32  Battlecruiser  
  113  17:43  Missile Turret  
  113  17:46  Missile Turret  
  113  17:47  Missile Turret  
  113  17:48  Missile Turret  
  113  18:14  Viking x3  
  119  18:29  Missile Turret  
  119  18:31  Terran Vehicle And Ship Armor Level 2  
  119  18:36  Battlecruiser  
  119  18:40  Supply Depot  
  125  18:42  Supply Depot  
  125  18:43  Supply Depot  
  125  18:48  Missile Turret  
  125  18:58  Command Center, Battlecruiser  
  125  19:00  Viking x2  
  135  19:02  Missile Turret  
  135  19:22  Command Center  
  135  19:41  Battlecruiser  
  139  19:51  Liberator x2  
  136  20:07  Battlecruiser  
  146  20:31  Command Center  
  144  20:50  Missile Turret  
  144  20:51  Missile Turret x2  
  144  20:52  Missile Turret  
  130  21:04  Raven, Liberator  
  124  21:05  Liberator  
  120  21:11  Refinery, Raven  
  120  21:14  Refinery  
  120  21:44  Liberator  
  120  22:01  Battlecruiser  
  129  22:24  Orbital Command  
  129  22:31  Terran Vehicle And Ship Armor Level 3  
  129  23:01  Missile Turret  
  129  23:07  Battlecruiser  
  135  23:14  Missile Turret  
  135  23:18  Missile Turret  
  135  23:22  Missile Turret  
  135  23:27  Planetary Fortress  
  135  23:40  Missile Turret  
  135  23:48  Missile Turret  
  135  24:15  Liberator  
  135  24:33  Raven  
  61  25:16  Orbital Command  
  49  25:37  Refinery  
  65  25:52  Missile Turret  
Show
View Real Time Build Order
Export as new Build Order

blackxored Zerg - Winner!

Build Orders: Hatch First 

Get SALT Encoding   

  12  0:01  Drone  
  13  0:08  Drone  
  14  0:18  Overlord  
  14  0:22  Extractor  
  14  0:23  Drone  
  15  0:38  Drone x2  
  17  0:55  Hatchery  
  16  0:57  Drone  
  16  1:01  Drone  
  18  1:11  Drone  
  18  1:15  Extractor  
  18  1:41  Spawning Pool  
  18  1:42  Drone x3  
  20  1:58  Drone  
  21  2:06  Drone  
  22  2:10  Overlord  
  22  2:13  Hatchery  
  21  2:29  Roach Warren, Queen  
  22  2:33  Queen  
  24  2:37  Zergling x2  
  24  2:39  Zergling x2  
  26  2:45  Metabolic Boost  
  26  3:05  Overlord  
  26  3:12  Queen  
  28  3:13  Queen  
  28  3:16  Roach  
  32  3:20  Roach  
  33  3:29  Roach  
  33  3:30  Roach  
  36  3:40  Roach x2  
  39  3:57  Queen  
  39  3:58  Queen  
  39  3:59  Ravager  
  42  4:13  Overlord  
  42  4:31  Drone x7  
  49  4:42  Ravager  
  48  4:56  Roach x3  
  47  5:13  Drone x8  
  55  5:26  Drone x3  
  55  5:27  Overlord x2  
  51  5:58  Drone  
  51  5:59  Drone x2  
  51  6:00  Drone  
  51  6:01  Drone  
  51  6:04  Roach x6  
  68  6:13  Drone  
  68  6:14  Drone x3  
  68  6:15  Extractor  
  71  6:23  Extractor, Drone x4  
  71  6:24  Extractor, Drone  
  74  6:31  Overlord x3  
  74  6:49  Queen  
  74  6:50  Lair  
  74  6:53  Drone  
  77  6:55  Drone x8  
  85  7:04  Overlord  
  85  7:05  Overlord  
  85  7:06  Overlord  
  85  7:14  Evolution Chamber  
  84  7:16  Baneling Nest, Drone, Evolution Chamber  
  84  7:17  Drone  
  84  7:19  Drone  
  82  7:36  Zergling x20  
  87  7:59  Centrifical Hooks  
  87  8:02  Drone x9  
  96  8:09  Hatchery  
  95  8:29  Queen  
  95  8:32  Drone x11  
  98  8:50  Drone x2  
  98  8:51  Extractor, Drone x5  
  98  8:52  Extractor  
  103  9:02  Queen  
  103  9:05  Queen  
  107  9:16  Zerg Melee Weapons Level 1, Zerg Ground Armor Level 1  
  107  9:23  Zergling x10  
  107  9:24  Zergling x14  
  118  9:26  Spire  
  117  9:41  Zergling x6  
  117  9:45  Hatchery  
  109  9:59  Overseer  
  103  10:04  Queen  
  102  10:09  Drone x13  
  115  10:17  Drone x2  
  115  10:18  Drone  
  115  10:19  Drone  
  119  10:37  Spore Crawler  
  119  10:38  Spore Crawler  
  117  10:44  Extractor  
  117  10:45  Overlord x2  
  117  10:46  Overlord x2, Extractor  
  115  10:50  Zerg Flyer Armor Level 1  
  115  10:51  Overlord x3  
  115  11:00  Drone x2  
  115  11:03  Overlord x3  
  117  11:04  Mutalisk x3  
  117  11:05  Corruptor x4, Mutalisk  
  117  11:07  Queen  
  135  11:16  Pneumatized Carapace  
  135  11:20  Zerg Melee Weapons Level 2  
  135  11:21  Zerg Ground Armor Level 2, Infestation Pit  
  135  11:23  Mutalisk  
  136  11:32  Drone x7  
  143  11:35  Drone  
  143  11:36  Corruptor  
  146  11:54  Drone x15  
  161  12:07  Hive  
  161  12:12  Corruptor  
  163  12:22  Mutalisk x4  
  163  12:28  Hatchery  
  170  12:32  Overseer  
  170  12:37  Corruptor x3  
  170  12:38  Corruptor x2  
  180  12:44  Mutalisk x2  
  180  12:45  Mutalisk  
  180  12:48  Extractor  
  185  12:54  Mutalisk x2  
  189  13:08  Zerg Flyer Armor Level 2  
  188  13:30  Extractor, Queen  
  189  13:45  Corruptor x3  
  189  13:46  Corruptor  
  195  13:54  Spire  
  194  14:01  Overlord x2  
  194  14:02  Overlord  
  194  14:07  Evolution Chamber  
  194  14:08  Evolution Chamber  
  192  14:10  Evolution Chamber  
  187  14:31  Spore Crawler  
  187  14:32  Spore Crawler  
  187  14:33  Corruptor x11, Spore Crawler  
  187  14:34  Corruptor, Spore Crawler  
  191  14:44  Drone  
  191  14:45  Drone x2  
  192  14:47  Viper x2  
  198  15:01  Spore Crawler  
  198  15:03  Drone x4, Spore Crawler x2  
  198  15:04  Spore Crawler, Drone  
  198  15:05  Spore Crawler x3  
  198  15:06  Spore Crawler x2  
  198  15:07  Spore Crawler x2  
  193  15:09  Spore Crawler x2  
  190  15:15  Zerg Flyer Weapons Level 1  
  172  15:30  Corruptor x6  
  172  16:00  Drone x13  
  184  16:23  Drone x7  
  184  16:24  Drone x4  
  195  16:40  Zerg Flyer Armor Level 3  
  195  16:50  Ultralisk Cavern  
  194  16:54  Overseer  
  194  17:09  Hatchery  
  193  17:24  Extractor  
  193  17:28  Zerg Flyer Weapons Level 2, Extractor  
  191  17:34  Overlord x3  
  191  17:40  Chitinous Plating  
  191  17:41  Hatchery  
  191  17:43  Zerg Melee Weapons Level 3, Zerg Ground Armor Level 3  
  190  17:44  Extractor  
  190  17:45  Adrenal Glands  
  189  17:52  Drone x3  
  192  18:18  Drone  
  193  18:31  Overlord  
  193  19:05  Extractor  
  193  19:07  Drone x3  
  179  19:46  Greater Spire  
  171  19:58  Zerg Flyer Weapons Level 3  
  165  20:25  Hatchery  
  164  20:29  Viper  
  164  20:30  Viper x3  
  164  20:35  Corruptor x11  
  199  20:53  Hatchery  
  190  21:00  Corruptor x10  
  181  21:16  Corruptor x10  
  195  21:28  Corruptor  
  195  21:29  Corruptor x2  
  191  22:39  Brood Lord  
  191  22:40  Brood Lord x5  
  196  23:08  Spore Crawler  
  196  23:09  Spore Crawler x2  
  193  23:17  Spore Crawler  
  193  23:19  Spore Crawler  
  191  23:21  Spore Crawler  
  191  23:26  Infestor x4  
  198  23:37  Zerg Missile Weapons Level 1  
  193  24:13  Brood Lord x2  
  191  24:57  Corruptor x11  
  191  24:58  Corruptor  
  198  25:06  Corruptor x6  
  198  25:07  Corruptor  
  192  25:18  Ultralisk  
Tags
 
Add a new tag
Caveats
  • Supply blocks, unpowered buildings, or Contaminate may cause inaccurate times.
  • Supply counts are checked every 10 seconds.